 Dungeon Crawl Stone Soup version 0.31-a0-259-g771a54ca4b (webtiles) character file.

Game seed: 17950220619851959871

273 qw the Shooter (level 6, -8/37 HPs)
             Began as a Gargoyle Hexslinger on July 13, 2023.
             Shot with an arrow by a centaur (12 damage)
             ... on level 6 of the Dungeon.
             The game lasted 00:01:12 (2265 turns).

qw the Shooter (Gargoyle Hexslinger)                Turns: 2265, Time: 00:01:12

Health: -8/37      AC: 13    Str: 11    XL:     6   Next: 24%
Magic:  7/7        EV: 10    Int: 14    God:
Gold:   189        SH:  0    Dex: 14    Spells: 6/7 levels left

rFire   . . .        Y - +1 sling
rCold   . . .        (no shield)
rNeg    + + .        e - +0 ring mail
rPois   inf          h - +0 helmet
rElec   +            j - +2 cloak
rCorr   .            (no gloves)
SInv    .            (no boots)
Will    .....        f - amulet of faith
Stlth   +            g - ring of positive energy
HPRegen 0.26/turn    (no ring)
MPRegen 0.10/turn

%: faith
@: about to teleport
A: sickness immunity, AC +4, negative energy resistance 1, electricity
resistance, torment resistance 1, petrification resistance
a: no special abilities


You were on level 6 of the Dungeon.
You visited 1 branch of the dungeon, and saw 5 of its levels.

You collected 189 gold pieces.


Innate Abilities, Weirdness & Mutations

You are immune to sickness and miasma.
Your stone body is resilient. (AC +4)
You are immune to poison.
You resist negative energy. (rN+)
You are resistant to electric shocks. (rElec)
You are resistant to unholy torment.
You are immune to petrification.


   Skills:
 - Level 3.0 Fighting
 + Level 5.6 Ranged Weapons
 - Level 1.0 Armour
 - Level 1.5 Dodging
 - Level 1.0 Spellcasting
 - Level 2.6 Hexes


You had 6 spell levels left.
You knew the following spells:

 Your Spells              Type           Power      Damage    Failure   Level
a - Slow                  Hex            32%        N/A       21%         1

Your spell library contained the following spells:

 Spells                   Type           Power      Damage    Failure   Level
 Inner Flame              Hex/Fire       4%         N/A       71%         3
 Portal Projectile        Hex/Tloc       8%         N/A       71%         3
 Cause Fear               Hex            4%         N/A       90%         4

Inventory:

Hand Weapons
 Y - a +1 sling (weapon)
Armour
 e - a +0 ring mail (worn)
 h - a +0 helmet (worn)
 j - a +2 cloak (worn)
Jewellery
 f - an amulet of faith (around neck)
 g - a ring of positive energy (left hand)
Wands
 n - a wand of digging (5)
Scrolls
 m - a scroll of revelation {unknown}
 o - a scroll of silence {unknown}
Potions
 b - a potion of magic {unknown}
 c - a potion of haste {unknown}
 d - a potion of brilliance {unknown}
 i - a potion of resistance {unknown}
 k - a potion of berserk rage {unknown}
 l - a potion of degeneration {unknown}

Dungeon Overview and Level Annotations

Branches:
Dungeon (4/15)
 Temple: D:4-7

Altars:
Ashenzari
Qazlal


Message History

A centaur comes into view.
The centaur wields a +0 orcbow.
The centaur shoots an arrow.
The arrow hits you!
You shoot a sling bullet. The sling bullet hits the bullfrog!
The bullfrog is severely wounded.
The centaur shoots an arrow.
The arrow hits you but does no damage.
You shoot a sling bullet. The sling bullet hits the bullfrog.
The bullfrog is almost dead.
The centaur shoots an arrow.
The arrow hits you.
The centaur shoots an arrow.
The arrow barely misses you.
The bullfrog hits you but does no damage.
You shoot a sling bullet. The sling bullet hits the bullfrog.
You kill the bullfrog!
The centaur shoots an arrow.
The arrow closely misses you.
The centaur shoots an arrow.
The arrow misses you.
You have reached level 6!
You shoot a sling bullet.
The sling bullet hits the centaur but does no damage.
The centaur shoots an arrow.
The arrow barely misses you.
You shoot a sling bullet.
The sling bullet closely misses the centaur.
The centaur shoots an arrow.
The arrow hits you but does no damage.
You shoot a sling bullet. The sling bullet hits the centaur.
The centaur is lightly wounded.
The centaur shoots an arrow.
The arrow hits you.
The centaur shoots an arrow.
The arrow hits you!
2262 ||| READING scroll of teleportation.
As you read the scroll of teleportation, it crumbles to dust.
You feel strangely unstable.
The centaur shoots an arrow.
The arrow closely misses you.
The centaur shoots an arrow.
The arrow closely misses you.
You shoot a sling bullet. The sling bullet hits the centaur!
The centaur is heavily wounded.
You shoot a sling bullet. The sling bullet hits the centaur.
The centaur is heavily wounded.
The centaur shoots an arrow.
The arrow hits you.
The centaur shoots an arrow.
The arrow misses you.
You shoot a sling bullet. The sling bullet hits the centaur.
The centaur is severely wounded.
The centaur shoots an arrow.
The arrow hits you!
You die...

### ..# #.#
#.######## .#
#c##.....#
....###.##.###.#
#...[....# #)######
#####@##.###......#
#.##.....####.#
..#......# #.#
####.####.####.####
#.####.#.......#
......>......##.#
......#.#.##.##.#
......#.#.##.#...
..... ..#.##.....


You could see a centaur.

Vanquished Creatures
  A bullfrog (D:6)
  An orc priest (D:3)
  Terence (D:3)
  An orc wizard (D:3)
  A gnoll (D:1)
  2 adders
  An ufetubus (D:6)
  4 dart slugs
  15 orcs
  5 ball pythons
  6 bats
  3 endoplasms (D:1)
  3 giant cockroaches
  6 goblins
  A hobgoblin (D:1)
  5 jackals
  2 kobolds (D:1)
  2 quokkas
  3 frilled lizards
  10 rats
73 creatures vanquished.

Vanquished Creatures (others)
  A frilled lizard (D:3)
1 creature vanquished.

Grand Total: 74 creatures vanquished

Notes
Turn   | Place    | Note
-------+----------+-------------------------------------------
     0 | D:1      | qw the Gargoyle Hexslinger began the quest for the Orb.
     0 | D:1      | Reached XP level 1. HP: 12/12 MP: 2/2
     0 | D:1      | 0 ||| qw: Version: 0.3-a-52-g30416fa
     0 | D:1      | 0 ||| qw: Game counter: 6912
     0 | D:1      | 0 ||| qw: Melee chars always use a shield: true
     0 | D:1      | 0 ||| qw: God list: Okawaru
     0 | D:1      | 0 ||| qw: Allow faded altars: false
     0 | D:1      | 0 ||| qw: Do Orc after clearing Dungeon:15 true
     0 | D:1      | 0 ||| qw: Do second Lair branch before Depths: true
     0 | D:1      | 0 ||| qw: Lair rune preference: random
     0 | D:1      | 0 ||| qw: Goals: Normal
     0 | D:1      | 0 ||| PLANNING D:1-11
   134 | D:1      | Reached XP level 2. HP: 16/16 MP: 3/3
   144 | D:1      | Reached skill level 3 in Ranged Weapons
   146 | D:1      | 146 ||| FLEEEEING.
   147 | D:1      | 147 ||| FLEEEEING.
   148 | D:1      | 148 ||| FLEEEEING.
   149 | D:1      | 149 ||| FLEEEEING.
   153 | D:1      | 153 ||| FLEEEEING.
   157 | D:1      | 157 ||| FLEEEEING.
   158 | D:1      | 158 ||| FLEEEEING.
   159 | D:1      | 159 ||| FLEEEEING.
   160 | D:1      | 160 ||| FLEEEEING.
   161 | D:1      | 161 ||| FLEEEEING.
   165 | D:1      | 165 ||| FLEEEEING.
   166 | D:1      | 166 ||| FLEEEEING.
   167 | D:1      | 167 ||| FLEEEEING.
   237 | D:1      | Reached XP level 3. HP: 10/21 MP: 4/4
   808 | D:1      | 808 ||| UPGRADING to +0 leather armour.
   818 | D:1      | 818 ||| DROPPING +0 robe.
   819 | D:1      | 819 ||| UPGRADING to +2 cloak.
   824 | D:1      | 824 ||| READING scroll labelled TAOXTIROQI.
   829 | D:1      | 829 ||| READING scroll labelled LYQUYH XEYWUE.
   830 | D:1      | 830 ||| READING scroll labelled QEWNAFF EZITE.
   831 | D:1      | 831 ||| DRINKING 2 bubbling yellow potions.
   832 | D:1      | 832 ||| DROPPING scroll of poison.
   833 | D:1      | 833 ||| DROPPING potion of attraction.
   869 | D:2      | Reached XP level 4. HP: 26/26 MP: 5/5
  1225 | D:2      | Reached skill level 4 in Ranged Weapons
  1300 | D:2      | 1300 ||| UPGRADING to +0 ring mail.
  1310 | D:2      | 1310 ||| DROPPING +0 leather armour.
  1311 | D:2      | 1311 ||| UPGRADING to amulet of faith.
  1316 | D:2      | 1316 ||| READING scroll labelled ATOXUSHR DURICSO.
  1317 | D:2      | 1317 ||| DRINKING 2 blue potions.
  1371 | D:3      | Reached skill level 1 in Armour
  1390 | D:3      | 1390 ||| Stepping ~*~*~tactically~*~*~ (outnumbered).
  1402 | D:3      | 1402 ||| DRINKING potion of curing.
  1402 | D:3      | 1402 ||| (to cure confusion)
  1546 | D:3      | Noticed Terence
  1571 | D:3      | Killed Terence
  1572 | D:3      | Reached XP level 5. HP: 24/30 MP: 6/6
  1640 | D:3      | Found a stormy altar of Qazlal.
  1790 | D:3      | Reached skill level 5 in Ranged Weapons
  1811 | D:3      | Found a broken altar of Ashenzari.
  2043 | D:3      | 2043 ||| UPGRADING to +0 helmet.
  2048 | D:3      | 2048 ||| UPGRADING to ring of positive energy.
  2066 | D:4      | You fall into a shaft and drop 2 floors!
  2086 | D:6      | Reached skill level 3 in Fighting
  2255 | D:6      | Noticed a centaur
  2259 | D:6      | Reached XP level 6. HP: 19/37 MP: 7/7
  2261 | D:6      | HP: 9/37 [centaur/arrow (8)]
  2262 | D:6      | 2262 ||| READING scroll of teleportation.
  2264 | D:6      | HP: 4/37 [centaur/arrow (6)]
  2265 | D:6      | Shot with an arrow by a centaur

Levels and vault maps discovered:
D:1:      mainiacjoe_arrival_reflecting_pool, layout_loops_ring, minmay_unequal
D:2:      layout_basic
D:3:      layout_loops_ring, nicolae_ashenzari_panopticon, grunt_qazlal_clouds,
          uniq_terence
D:4:      layout_layer_cave, led_sif_pool, serial_forest,
          infiniplex_forest_straight_4, infiniplex_forest_straight_2,
          infiniplex_forest_corner_1, infiniplex_forest_zigzag_2,
          uniq_blork_the_orc, uniq_edmund
D:6:      layout_loops_cross, kennysheep_slug_shrine

Skill      XL: |  1  2  3  4  5 |
---------------+----------------+-----
Ranged Weapons | 3 4 5 |  5.6
Fighting       | 2 3 |  3.0
Armour         | 1 |  1.0
Dodging        | |  1.5
Spellcasting   | |  1.0
Hexes          | |  2.6

Action                     |  1- 3 |  4- 6 || total
---------------------------+-------+-------++-------
   Fire: Sling             |   102 |   191 ||   293
    Use: Scroll            |     3 |     2 ||     5
         Potion            |     1 |     2 ||     3
 Armour: Robe              |    30 |       ||    30
         Leather armour    |     1 |     1 ||     2
         Ring mail         |       |    77 ||    77
  Dodge: Dodged            |    47 |    75 ||   122

Table legend:
 A = Non-vault XP
 B = Vault XP
 C = Vault XP percentage of total XP
 D = Non-vault monster count
 E = Vault monster count
 F = Vault count percentage of total count
                 A         B        C        D         E       F
            +---------+---------+-------+---------+---------+-------
      Total |     346 |      45 |  11.5 |      68 |       5 |   6.8
            +---------+---------+-------+---------+---------+-------
        D:1 |      60 |       7 |  10.4 |      27 |       4 |  12.9
        D:2 |      33 |       0 |   0.0 |      13 |       0 |   0.0
        D:3 |     140 |      38 |  21.3 |      22 |       1 |   4.3
        D:6 |     113 |       0 |   0.0 |       6 |       0 |   0.0
            +---------+---------+-------+---------+---------+-------
